 Dungeon Crawl Stone Soup version 0.29-a0-844-ge8845773e3 (webtiles) character file.

Game seed: 2342888990869820976

156 Locuples the Covered (level 5, -2/47 HPs)
             Began as a Minotaur Fighter on July 15, 2022.
             Succumbed to an orc wizard's poison
             ... on level 3 of the Dungeon.
             The game lasted 00:02:32 (1289 turns).

Locuples the Covered (Minotaur Fighter)             Turns: 1289, Time: 00:02:33

Health: -2/47      AC: 10    Str: 22    XL:     5   Next: 14%
Magic:  4/4        EV:  9    Int:  5    God:
Gold:   108        SH:  4    Dex: 10    Spells: 4/4 levels left

rFire   . . .      SeeInvis .   a - +0 war axe
rCold   . . .      Faith    .   c - +0 buckler
rNeg    . . .      Spirit   .   b - +0 scale mail
rPois   .          Reflect  .   (helmet restricted)
rElec   .          Harm     .   n - +1 cloak
rCorr   .          Rampage  .   f - +0 pair of gloves
Will    .....                   (no boots)
Stlth   ..........              (no amulet)
HPRegen 0.15/turn               (no ring)
MPRegen 0.09/turn               (no ring)

@: lethally poisoned (-2 -> -32)
A: horns 2, retaliatory headbutt
a: no special abilities


You were on level 3 of the Dungeon.
You visited 1 branch of the dungeon, and saw 3 of its levels.

You collected 108 gold pieces.

Inventory:

Hand Weapons
 a - a +0 war axe (weapon)
Armour
 b - a +0 scale mail (worn)
 c - a +0 buckler (worn)
 f - a +0 pair of gloves (worn)
 n - a +1 cloak (worn)
Jewellery
 l - a ring of flight
Scrolls
 e - a scroll of immolation {unknown}
 g - a scroll of torment {unknown}
 k - a scroll of blinking {unknown}
 m - 2 scrolls of identify {unknown}
 o - a scroll of enchant weapon {unknown}
 p - a scroll of teleportation {unknown}
 q - 2 scrolls of fear {unknown}
Potions
 d - a potion of might
 h - a potion of invisibility {unknown}
 i - a potion of cancellation {unknown}
 j - a potion of ambrosia {unknown}


   Skills:
 * Level 4.7 Fighting
 * Level 4.2 Axes
 * Level 5.0 Armour
 + Level 4.0 Shields


You had 4 spell levels left.
You didn't know any spells.
Your spell library contained the following spells:

 Spells                   Type           Power      Damage    Failure   Level
 Portal Projectile        Hex/Tloc       0%         N/A       99%         3
 Tukima's Dance           Hex            0%         N/A       99%         3
 Blade Hands              Tmut           0%         N/A       100%        5


Dungeon Overview and Level Annotations

Branches:
Dungeon (3/15)

Altars:


Innate Abilities, Weirdness & Mutations

You have a pair of horns on your head.
You reflexively headbutt those who attack you in melee.


Message History

Something tries to affect you, but you resist.
You barely miss something. Something hits you but does no damage.
You are poisoned.
You closely miss something.
You feel sick. Something hits you but does no damage.
You hear some strange, mumbled words.
A puff of flame appears from out of thin air!
The puff of flame hits you but does no damage.
You miss something. Your headbutt misses something.
You feel sick. Something hits you but does no damage.
You are more poisoned.
You miss something.
You feel very sick. Something hits you but does no damage.
You are more poisoned.
You feel very sick.
You feel very sick.
You feel very sick.
You hear some strange, mumbled words.
You are confused.
You bump into the stone wall.
You feel sick.
You barely miss something. Your headbutt misses something.
You feel sick. Something hits you.
You are more poisoned.
Something hits you.
You are lethally poisoned!
You nearly stumble into some deep water!
* * * LOW HITPOINT WARNING * * *
You feel very sick. Something hits you but does no damage.
You are more poisoned.
You hit something but do no damage.
* * * LOW HITPOINT WARNING * * *
You feel extremely sick. Something hits you.
* * * LOW HITPOINT WARNING * * *
You are more poisoned.
You bump into the stone wall.
You feel less confused.
You die...

#.≈. =#.≈ #.≈.
.#.≈ #.≈. .≈.#
#.≈. ##.≈.#
#.≈.###...≈.#
#.≈...o≈≈≈≈.#
#.≈≈≈≈≈)....# ≈
#....†.######.≈#
#.#######o{@....≈#
#........≈≈≈≈≈≈≈≈#
####.###.#.##.####
#..(# .# ###.# .
######.# ## #
#......# #.
#.###### #.#####.#


You could see an orc.

Vanquished Creatures
  A necrophage (D:3)
  Terence (D:2)
  3 adders (D:2)
  A worm (D:2)
  A dart slug (D:1)
  An orc (D:3)
  6 ball pythons
  A bat (D:1)
  A giant cockroach (D:2)
  3 goblins (D:1)
  5 hobgoblins
  3 kobolds
  A quokka (D:1)
  3 frilled lizards
  7 rats
38 creatures vanquished.

Notes
Turn   | Place    | Note
-------+----------+-------------------------------------------
     0 | D:1      | Locuples the Minotaur Fighter began the quest for the Orb.
     0 | D:1      | Reached XP level 1. HP: 19/19 MP: 0/0
   165 | D:1      | Reached XP level 2. HP: 27/27 MP: 1/1
   182 | D:1      | Reached skill level 4 in Armour
   536 | D:2      | Found a faded altar of an unknown god.
   543 | D:2      | Reached XP level 3. HP: 33/33 MP: 2/2
   857 | D:2      | Noticed Terence
   864 | D:2      | Killed Terence
   865 | D:2      | Reached XP level 4. HP: 22/41 MP: 3/3
  1195 | D:3      | Noticed a necrophage
  1202 | D:3      | Killed a necrophage
  1203 | D:3      | Reached skill level 5 in Armour
  1203 | D:3      | Reached XP level 5. HP: 43/47 MP: 4/4
  1289 | D:3      | Succumbed to an orc wizard's poison

Illustrated notes

Levels and vault maps discovered:
D:1:      dpeg_arrival_windows_large_door, layout_rooms, st_stairs_8
D:2:      layout_rooms, nicolae_ecumenical_pavilion, uniq_terence
D:3:      layout_basic, nicolae_overflow_squiral

Skill      XL: |  1  2  3  4 |
---------------+-------------+-----
Fighting       | 4 |  4.7
Armour         | 4 5 |  5.0
Axes           | 3 4 |  4.2
Shields        | 4 |  4.0

Action                   |  1- 3 |  4- 6 || total
-------------------------+-------+-------++-------
Melee: War axe           |    63 |    16 ||    79
       Headbutt          |     7 |     3 ||    10
Armor: Scale mail        |    30 |    11 ||    41
Dodge: Dodged            |    33 |     4 ||    37
Block: Buckler           |    11 |       ||    11

Table legend: (Time is in decaauts)
 A = Elapsed time spent in this place.
 B = Non-inter-level travel time spent in this place.
 C = Inter-level travel time spent in this place.
 D = Time resting spent in this place.
 E = Time spent auto-exploring this place.
 F = Levels seen in this place.
 G = Mean time per level.
                   A        B        C        D        E       F      G
               +--------+--------+--------+--------+--------+-----+--------+
         Total |   1321 |   1321 |      0 |      0 |    950 |   3 |  440.3 |
       Dungeon |   1321 |   1321 |      0 |      0 |    950 |   3 |  440.3 |
               +--------+--------+--------+--------+--------+-----+--------+

Top non-repeatable levels by time:
     D:2: 616 daAuts
     D:1: 551 daAuts
     D:3: 153 daAuts
